 Dungeon Crawl Stone Soup version 0.18.1-6-gd335043 (webtiles) character file.

3830 tyrsky the Thaumaturge (level 9, -13/51 HPs)
             Began as a High Elf Fire Elementalist on May 18, 2016.
             Was a Follower of Vehumet.
             Mangled by Maurice
             ... wielding a +0 falchion
              (17 damage)
             ... on level 8 of the Dungeon.
             The game lasted 00:39:00 (7693 turns).

tyrsky the Thaumaturge (High Elf Fire Elementalist) Turns: 7693, Time: 00:39:00

Health: -13/51     AC:  4    Str: 11    XL:     9   Next: 97%
Magic:  12/25      EV: 13    Int: 21    God:    Vehumet [*.....]
Gold:   459        SH:  0    Dex: 17    Spells: 5 memorised, 15 levels left

rFire  . . .     SeeInvis .     u - staff of conjuration
rCold  . . .     Gourm    .     a - +0 robe
rNeg   . . .     Faith    .     (no shield)
rPois  .         Spirit   .     (no helmet)
rElec  .         Dismiss  .     o - +0 cloak
rCorr  +         Reflect  .     i - +0 pair of gloves {Str+3}
SustAt .         Harm     .     (no boots)
MR     .....                    (no amulet)
Stlth  ++........               (no ring)
                                l - ring of resist corrosion

@: not resistant to hostile enchantments, unstealthy
A: no striking features
a: Renounce Religion


You were on level 8 of the Dungeon.
You worshipped Vehumet.
Vehumet was aware of your devotion.
You were not hungry.

You visited 2 branches of the dungeon, and saw 9 of its levels.
You also visited: Ossuary.

You collected 459 gold pieces.

Inventory:

Hand Weapons
 f - a +0 spear
 q - a -1 glaive
 F - a +1 whip of flaming
Missiles
 p - 210 stones (quivered)
Armour
 a - a +0 robe (worn)
 i - a +0 pair of gloves of strength (worn)
 o - a +0 cloak (worn)
 s - the +1 ring mail "Riug" {rN++ Str-2 Stlth+}
   (You found it on level 4 of the Dungeon)

   It affects your strength (-2).
   It greatly protects you from negative energy.
   It makes you more stealthy.
Magical Staves
 u - an uncursed staff of conjuration (weapon)
Jewellery
 l - a ring of resist corrosion (left hand)
 n - an uncursed ring of teleportation
 x - a cursed amulet of the gourmand {unknown}
Wands
 y - a wand of teleportation (5/9)
Scrolls
 e - a scroll of random uselessness
 g - 5 scrolls of identify {@*1}
 j - a scroll of teleportation
 r - 3 scrolls of remove curse
 t - a scroll of enchant weapon
 z - a scroll of immolation {unknown}
 H - a scroll of acquirement {unknown}
 J - a scroll of fog {unknown}
Potions
 k - a potion of degeneration {unknown}
 m - 2 potions of flight
 w - 2 potions of curing
 C - a potion of invisibility {unknown}
Books
 b - a book of Flames

   Spells                             Type                      Level
   a - Flame Tongue                   Conjuration/Fire             1
   b - Throw Flame                    Conjuration/Fire             2
   c - Conjure Flame                  Conjuration/Fire             3
   d - Inner Flame                    Hexes/Fire                   3
   e - Sticky Flame                   Conjuration/Fire             4
   f - Fireball                       Conjuration/Fire             5
 E - a book of Air

   Spells                             Type                      Level
   a - Shock                          Conjuration/Air              1
   b - Swiftness                      Charms/Air                   2
   c - Repel Missiles                 Charms/Air                   2
   d - Static Discharge               Conjuration/Air              3
   e - Lightning Bolt                 Conjuration/Air              5
 G - a book of Cantrips

   Spells                             Type                      Level
   a - Corona                         Hexes                        1
   b - Animate Skeleton               Necromancy                   1
   c - Summon Small Mammal            Summoning                    1
   d - Apportation                    Translocation                1
 K - Tare's Reference Book on Intoxication
   (You found it on level 8 of the Dungeon)

   Spells                             Type                      Level
   a - Sting                          Conjuration/Poison           1
   b - Cure Poison                    Poison                       2
   c - Mephitic Cloud                 Conjuration/Poison/Air       3
   d - Ignite Poison                  Fire/Transmutation/Poison    3
   e - Spider Form                    Transmutation/Poison         3
   f - Poisonous Cloud                Conjuration/Poison/Air       6
Comestibles
 c - 6 bread rations
 d - 3 beef jerkies
 I - a meat ration


   Skills:
 - Level 2.1 Dodging
 - Level 2.1 Stealth
 * Level 11.3 Spellcasting
 + Level 7.9 Conjurations
 + Level 7.7 Fire Magic


You had 15 spell levels left.
You knew the following spells:

 Your Spells              Type           Power        Failure   Level  Hunger
a - Flame Tongue          Conj/Fire      #####        1%          1    None
b - Conjure Flame         Conj/Fire      ######..     1%          3    None
c - Sticky Flame          Conj/Fire      ######..     2%          4    #......
d - Fireball              Conj/Fire      ######....   8%          5    ####...
e - Repel Missiles        Chrm/Air       ##....       12%         2    None


Dungeon Overview and Level Annotations

Branches:
Dungeon (8/15)             Temple (1/1) D:6
   Lair: D:8-11

Altars:
Ashenzari
Cheibriados
Elyvilon
Fedhas
Gozag
Kikubaaqudgha
Makhleb
Nemelex Xobeh
Okawaru
Pakellas
Qazlal
Ru
Sif Muna
Trog
Vehumet
Xom
The Shining One

Annotations:
D:3 HungrySpirit's ghost, amateur KoAr
D:6 1 runed door, mistymad's ghost, novice MiBe
D:8 Maurice


Message History

Casting: Flame Tongue
Confirm with . or Enter, or press ? or * to list all spells.
Aiming: Flame Tongue
Press: ? - help, Shift-Dir - straight line, f/p - Maurice
Aim: Maurice, wielding a falchion and wearing a cloak (severely wounded, fast, unusually strong, slightly transparent, covered in liquid flames, covering ground quickly)
You feel a surge of power!
The flame tongue misses Maurice.
Maurice burns!
Maurice mumbles some strange words.
Maurice looks slightly unstable.
Casting: Flame Tongue
Confirm with . or Enter, or press ? or * to list all spells.
Aiming: Flame Tongue
Press: ? - help, Shift-Dir - straight line, f/p - Maurice
Aim: Maurice, wielding a falchion and wearing a cloak (almost dead, fast, unusually strong, slightly transparent, covered in liquid flames, covering ground quickly)
You feel a surge of power!
The flame tongue hits Maurice.
Maurice appears unharmed.
Maurice is almost dead.
Maurice burns!
Maurice hits you with a falchion!
* * * LOW HITPOINT WARNING * * *
Maurice steals your ruby potion! Maurice hits you with a falchion!
You die...

#.#.#### #.#.# #.#.#
######.#.# #......#.#
#.#......########## #.
#.#...............#
##.#######.###############.#
. .##.#.........e@).# #.#
...##.........#####.# #.#
.8.##...###########.# #.#
...##...#..#......#)#
#######.#
8.........<.......>)#
#.......#
.###..............#.#
#.#######
.......###.#.#.#.)#.###.#
####+#.# #...#.#........# #
#....# #####.#..).....#


You could see Maurice (burning).

Vanquished Creatures
  Pikel (D:7)
  Joseph (D:8)
  A hungry ghost (D:7)
  Menkaure (D:7)
  A sky beast (D:6)
  An ice beast (D:6)
  2 slaves (D:7)
  A wasp (D:8)
  4 centaurs
  3 ogres
  2 elf zombies (Ossuary)
  5 giant frogs
  2 big kobolds (D:7)
  3 scorpions
  4 wights (D:8)
  A howler monkey (D:4)
  2 centaur zombies (Ossuary)
  A giant frog zombie (D:5)
  3 orc priests
  A jelly (D:8)
  A gnoll shaman (D:7)
  A centaur skeleton (D:8)
  2 human zombies
  A giant frog skeleton (D:4)
  An iguana (D:6)
  7 orc wizards
  5 worker ants
  3 hound zombies (Ossuary)
  3 mummies (Ossuary)
  5 adders
  7 gnolls (D:7)
  3 shadow imps
  An ooze (D:1)
  2 adder zombies (Ossuary)
  An adder skeleton (D:4)
  5 worms
  A dart slug (D:1)
  4 giant geckos
  20 orcs
  A ball python (D:4)
  3 giant cockroaches
  A goblin (D:3)
  8 hobgoblins
  5 jackals
  14 kobolds
  2 quokkas
  A ball python zombie (D:5)
  4 bats
  A giant gecko skeleton (D:4)
  A giant gecko zombie (D:6)
  5 giant newts
  A gnoll zombie (Ossuary)
  3 goblin zombies (Ossuary)
  A hobgoblin zombie (Ossuary)
  6 jackal zombies (Ossuary)
  4 kobold zombies (Ossuary)
  2 orc zombies (Ossuary)
  6 quokka zombies (Ossuary)
  8 rats
  4 rat zombies (Ossuary)
194 creatures vanquished.

Vanquished Creatures (others)
  A kobold (D:7)
1 creature vanquished.

Grand Total: 195 creatures vanquished

Notes
Turn   | Place    | Note
--------------------------------------------------------------
     0 | D:1      | tyrsky the High Elf Fire Elementalist began the quest for the Orb.
     0 | D:1      | Reached XP level 1. HP: 11/11 MP: 4/4
   227 | D:1      | Reached XP level 2. HP: 13/17 MP: 3/6
   240 | D:1      | Reached skill level 3 in Spellcasting
   587 | D:2      | Found a sparkling altar of Nemelex Xobeh.
   679 | D:2      | Reached XP level 3. HP: 21/21 MP: 2/8
   684 | D:2      | Learned a level 3 spell: Conjure Flame
  1235 | D:3      | Found an iron altar of Okawaru.
  1430 | D:3      | Reached XP level 4. HP: 14/27 MP: 0/10
  1565 | D:3      | Reached skill level 4 in Spellcasting
  1639 | D:3      | Noticed HungrySpirit's ghost (amateur KoAr)
  1676 | D:3      | Found a white marble altar of Elyvilon.
  2032 | D:4      | Found a shimmering altar of Xom.
  2032 | D:4      | Found a shimmering altar of Xom.
  2032 | D:4      | Found a shimmering altar of Xom.
  2032 | D:4      | Found a shimmering altar of Xom.
  2032 | D:4      | Found a shimmering altar of Xom.
  2038 | D:4      | Reached XP level 5. HP: 31/31 MP: 6/12
  2062 | D:4      | Learned a level 4 spell: Sticky Flame
  2068 | D:4      | Learned a level 5 spell: Fireball
  2191 | D:4      | Found a sacrificial altar of Ru.
  2251 | D:4      | Noticed an ogre
  2256 | D:4      | Killed an ogre
  2256 | D:4      | Reached skill level 5 in Spellcasting
  2256 | D:4      | Reached XP level 6. HP: 36/36 MP: 6/15
  2335 | D:4      | Got a jewelled ring mail
  2451 | D:4      | Identified the +1 ring mail "Riug" {rN++ Str-2 Stlth+} (You found it on level 4 of the Dungeon)
  2521 | D:5      | Entered Level 5 of the Dungeon
  2577 | D:5      | Found a deep blue altar of Sif Muna.
  2673 | D:6      | Reached skill level 6 in Spellcasting
  2925 | D:6      | Noticed mistymad's ghost (novice MiBe)
  2934 | D:5      | Found a shattered altar of Ashenzari.
  2968 | D:5      | Got a fine rapier
  2972 | D:5      | Reached XP level 7. HP: 41/41 MP: 12/17
  2973 | D:5      | Identified the +1 rapier of Kaabrics {speed, Dex+3} (You found it on level 5 of the Dungeon)
  3938 | D:6      | Reached skill level 7 in Spellcasting
  3973 | D:6      | Reached skill level 5 in Fire Magic
  3984 | D:6      | Reached skill level 5 in Conjurations
  4236 | D:7      | Found a sand-covered staircase.
  4243 | Ossuary  | Entered an ossuary
  4283 | Ossuary  | Reached XP level 8. HP: 46/46 MP: 13/20
  4495 | Ossuary  | Reached skill level 8 in Spellcasting
  5048 | D:6      | Learned a level 2 spell: Repel Missiles
  5191 | D:6      | Found an oddly glowing altar of Pakellas.
  5202 | D:6      | Found a staircase to the Ecumenical Temple.
  5207 | Temple   | Entered the Ecumenical Temple
  5305 | Temple   | Became a worshipper of Vehumet
  5421 | D:6      | Found a runed door.
  5646 | D:7      | Reached skill level 9 in Spellcasting
  6037 | D:7      | Noticed Pikel
  6058 | D:7      | Killed Pikel
  6058 | D:7      | Reached XP level 9. HP: 18/51 MP: 4/23
  6309 | D:7      | Reached skill level 10 in Spellcasting
  6337 | D:7      | Noticed Menkaure
  6353 | D:7      | Killed Menkaure
  6457 | D:7      | Found a bloodstained altar of Trog.
  6801 | D:8      | Reached * piety under Vehumet
  6801 | D:8      | Offered knowledge of Sting by Vehumet.
  7181 | D:8      | Found an opulent altar of Gozag.
  7181 | D:8      | Noticed Joseph
  7194 | D:8      | Killed Joseph
  7194 | D:8      | Reached skill level 11 in Spellcasting
  7507 | D:8      | Identified Tare's Reference Book on Intoxication
  7565 | D:8      | Noticed Maurice
  7693 | D:8      | Mangled by Maurice

Skill      XL: |  1  2  3  4  5  6  7  8  9 |
---------------+----------------------------+-----
Spellcasting   | 3 4 5 6 7 9 11 | 11.3
Conjurations   | 2 3 4 5 6 7 |  7.9
Fire Magic     | 4 5 6 7 |  7.7
Dodging        | |  2.1
Stealth        | |  2.1

Action                   |  1- 3 |  4- 6 |  7- 9 || total
-------------------------+-------+-------+-------++-------
Melee: Spear             |    19 |    32 |       ||    51
       Staff             |       |       |    25 ||    25
Throw: Stone             |       |     7 |    10 ||    17
 Cast: Flame Tongue      |    79 |    73 |   356 ||   508
       Conjure Flame     |       |     1 |     2 ||     3
       Sticky Flame      |       |     3 |    16 ||    19
       Repel Missiles    |       |       |     1 ||     1
       Fireball          |       |       |     1 ||     1
  Use: Scroll            |       |     7 |     5 ||    12
       Potion            |       |       |     1 ||     1
  Eat: Chunk             |       |     3 |    10 ||    13
       Meat ration       |       |     1 |     1 ||     2
Armor: Robe              |     8 |    15 |    27 ||    50
Dodge: Dodged            |    29 |    30 |    84 ||   143
       Deflected         |       |       |     1 ||     1
